 Dungeon Crawl Stone Soup version 0.18-a0-1372-gd644665 (webtiles) character file.

56 M4edhros the Insei (level 3, 0/26 HPs)
             Began as an Octopode Monk on Feb 21, 2016.
             Succumbed to M4edhros's ghost's poison
             ... on level 3 of the Dungeon.
             The game lasted 00:03:52 (698 turns).

M4edhros the Insei (Octopode Monk)                   Turns: 698, Time: 00:03:52

Health: 0/26       AC:  2    Str: 10    XL:     3   Next: 95%
Magic:  3/3        EV: 13    Int: 12    God:
Gold:   72         SH:  0    Dex: 15    Spells: 0 memorised, 2 levels left

rFire  . . .     SeeInvis .       - Unarmed
rCold  . . .     Gourm    .     (no shield)
rNeg   . . .     Faith    .     (helmet restricted)
rPois  .         Spirit   .     (no amulet)
rElec  .         Dismiss  .     (no ring)
rCorr  .         Reflect  .     (no ring)
SustAt .         Harm     .     (no ring)
MR     .....                    (no ring)
Stlth  ++++......               (no ring)
                                (no ring)
                                (no ring)
                                (no ring)

@: lethally poisoned (0 -> -5), not resistant to hostile enchantments, stealthy
A: almost no armour, amphibious, 8 rings, constrict 8, molten scales 1,
camouflage 1, gelatinous body 1
a: no special abilities


You were on level 3 of the Dungeon.
You were not hungry.

You visited 1 branch of the dungeon, and saw 3 of its levels.

You collected 72 gold pieces.

Inventory:

Hand Weapons
 d - a +2 spear of venom
Missiles
 c - 71 stones (quivered)
 e - 16 sling bullets
Comestibles
 a - 2 bread rations
 f - 2 beef jerkies
 h - 2 slices of pizza


   Skills:
 - Level 3.0 Fighting
 - Level 3.0 Dodging
 + Level 4.4 Stealth
 + Level 4.8 Unarmed Combat


You had 2 spell levels left.
You didn't know any spells.

Dungeon Overview and Level Annotations

Branches:
Dungeon (3/15)

Altars:
Ashenzari
Dithmenos

Annotations:
D:2 Robin
D:3 Grinder; M4edhros's ghost, amateur OpMo


Innate Abilities, Weirdness & Mutations

You cannot wear most types of armour.
You are amphibious.
You can wear up to eight rings at the same time.
You can use your tentacles to constrict eight enemies at once.
Your skin changes colour to match your surroundings (Stealth).
Your rubbery body absorbs attacks (AC +1).
You are partially covered in molten scales (AC +1).


Message History

You feel sick. The bat hits you but does no damage.
* * * LOW HITPOINT WARNING * * *
You feel sick. The bat hits you.
* * * LOW HITPOINT WARNING * * *
The bat misses you.
* * * LOW HITPOINT WARNING * * *
You feel sick. The bat hits you.
* * * LOW HITPOINT WARNING * * *
The bat misses you.
* * * LOW HITPOINT WARNING * * *
You feel sick. The bat hits you but does no damage.
For a moment, M4edhros's ghost blends into the shadows.
The bat hits you but does no damage.
Read which item? (? for menu, Esc to quit)
As you read the scroll labeled TANITU KEES, it crumbles to dust.
It is a scroll of identify.
You don't have any unidentified items.
* * * LOW HITPOINT WARNING * * *
You feel sick. The bat hits you but does no damage.
You die...

.# ##. .# 5.. ...
#. .# #.# #.#
#.#########.# #.#
#.# ##..........#
#.# #.##
#.........b# #.#
#..# #.#########.#
#.# #..# #W######.#
#<†#
#..@.....#######).#
########......)...#
#.###.......# #.#
##.###..# #.# #.#
#..# #.# #.# #..#
#.# #.# #..# #..
... ..# ## ...


You could see M4edhros's ghost.

Vanquished Creatures
  Jessica (D:2)
  A giant gecko (D:1)
  3 giant cockroaches
  7 goblins
  4 hobgoblins
  A ball python (D:2)
  2 bats (D:1)
  A giant newt (D:1)
  4 kobolds
  2 rats (D:1)
  A plant (D:1)
27 creatures vanquished.

Notes
Turn   | Place    | Note
--------------------------------------------------------------
     0 | D:1      | M4edhros the Octopode Monk began the quest for the Orb.
     0 | D:1      | Reached XP level 1. HP: 16/16 MP: 1/1
   307 | D:1      | Reached XP level 2. HP: 17/21 MP: 2/2
   566 | D:2      | Found a shattered altar of Ashenzari.
   572 | D:2      | Found a shadowy altar of Dithmenos.
   574 | D:2      | Noticed Jessica
   583 | D:2      | Gained mutation: You are partially covered in molten scales (AC +1). [potion of beneficial mutation]
   587 | D:2      | Killed Jessica
   587 | D:2      | Reached XP level 3. HP: 11/26 MP: 3/3
   632 | D:2      | Noticed Robin
   674 | D:3      | Noticed Grinder
   686 | D:3      | Noticed M4edhros's ghost (amateur OpMo)
   696 | D:3      | HP: 1/26 [poisoned by M4edhros's ghost]
   698 | D:3      | Succumbed to M4edhros's ghost's poison

Vault maps used:
D:1:      lemuel_arrival_hallway, serial_bayou_lagoon_a, kennysheep_minor_cross,
          columned_hall_lemuel
D:2:      grunt_dithmenos_smoke, ashenzari_conservatory_becter, uniq_jessica,
          uniq_robin
D:3:      first_bread, portal_sewer_entry_b, uniq_sigmund, uniq_grinder

Action                   || total
-------------------------++-------
Melee: Unarmed           ||    85
  Use: Potion            ||     6
       Scroll            ||     1
 Stab: Sleeping          ||     1
